Americans vs Bruins

Created - Sunday, October 19, 2014 at 22:56

Goals
1 2 3 T
Americans 0 0 0 0
Bruins 1 0 0 1
Shots
1 2 3 T
Americans 11 9 5 25
Bruins 4 7 12 23

1st period

1. Bruins , Patrick Bordeleau 5 (Conor Allen) at 18:03 (PP)

Penalties :
Kale Kessy (RCH) for Roughing (Minor) at 6:29, Conor Allen (Pro) for Slashing (Minor) at 13:20, Spencer Abbott (RCH) for Goalie Interference (Minor) at 16:21

2nd period

No Goal

Penalties :
Kael Mouillierat (Pro) for Slashing (Minor) at 3:27, Derek Dorsett (Pro) for Fighting (Major) at 6:23, Christopher Breen (RCH) for Fighting (Major) at 6:23, Buddy Robinson (Pro) for Hooking (Minor) at 10:22, Derek Dorsett (Pro) for Elbowing (Minor) at 15:54

3rd period

No Goal

Penalties :
Rasmus Ristolainen (RCH) for High sticking (Minor) at 5:39, Nick Drazenovic (RCH) for Hooking (Minor) at 9:27

Goalie Stats

Petr Mrazek (RCH), 22 saves from 23 shots - (0.957), L, 4-2-1, 59:25 minutes
Andrey Makarov (Pro), 25 saves from 25 shots - (1.000), W, 1-0-1, 60:00 minutes

Players Stats for Americans

Player Name              G  A  P  +/- PIM S  H  SB GA TA FO     MP     PP MP  PK MP  
------------------------------------------------------------------------------------
Christopher Breen        0  0  0   0  5   0  0  0  0  0  0/0    13:38   0:00   0:51 
Davis Drewiske           0  0  0   0  0   0  0  1  1  0  0/0    13:47   0:00   0:00 
Doug Janik               0  0  0   0  0   1  0  2  0  1  0/0    21:44   3:42   4:20 
Dylan DeMelo             0  0  0   0  0   1  0  0  0  0  0/0    21:44   3:42   4:20 
Farm Player8             0  0  0   0  0   0  0  0  0  0  1/1     5:25   0:00   2:14 
Farm Player9             0  0  0   0  0   0  0  0  0  0  0/0     0:43   0:00   0:43 
Jack Skille              0  0  0   0  0   3  1  0  4  0  1/2    17:51   3:57   1:42 
Jamie MacQueen           0  0  0   0  0   3  1  0  2  0  1/3    17:05   0:00   3:01 
Jerome Samson            0  0  0   0  0   3  3  0  1  0  1/1    21:44   3:57   3:16 
Kale Kessy               0  0  0   0  2   2  0  0  1  0  0/0    14:30   0:00   0:00 
Kevin Sundher            0  0  0   0  0   2  0  0  0  0  5/6    15:13   0:23   0:00 
Max Reinhart             0  0  0   0  0   3  1  0  1  0  6/12   21:49   3:34   3:17 
Maxime Sauve             0  0  0   0  0   0  1  1  0  0  0/0    16:21   3:59   0:00 
Nate Schmidt             0  0  0   0  0   0  0  0  1  3  0/0    24:29   4:14   3:19 
Nick Cousins             0  0  0   0  0   2  1  0  0  0  1/2     6:15   0:00   0:00 
Nick Drazenovic          0  0  0   0  2   0  3  0  1  0  6/9    17:36   3:59   0:00 
Rasmus Ristolainen       0  0  0   0  2   4  2  1  3  4  0/0    23:41   4:14   2:28 
Spencer Abbott           0  0  0   0  2   1  4  0  1  0  0/0    18:41   3:59   1:05 

Players Stats for Bruins

Player Name              G  A  P  +/- PIM S  H  SB GA TA FO     MP     PP MP  PK MP  
------------------------------------------------------------------------------------
Anton Lander             0  0  0   0  0   0  1  1  0  1  0/2    21:02   3:55   3:53 
Brandon Alderson         0  0  0   0  0   0  0  0  0  0  0/0     7:03   0:05   0:00 
Brandon Manning          0  0  0   0  0   0  1  0  0  0  0/0    13:54   0:00   0:00 
Buddy Robinson           0  0  0   0  2   1  0  1  3  1  1/3    18:28   4:00   0:00 
Conor Allen              0  1  1   0  2   0  0  4  0  1  0/0    21:15   2:56   2:13 
Derek Dorsett            0  0  0   0  7   6  1  0  2  2  1/2    17:20   3:55   0:40 
Dmitry Korobov           0  0  0   0  0   0  0  1  0  0  0/0    24:05   4:43   4:58 
Jake Newton              0  0  0   0  0   0  0  0  0  0  0/0     0:00   0:00   0:00 
Kael Mouillierat         0  0  0   0  2   3  1  1  1  1  5/14   21:48   3:39   3:30 
Kevin Czuczman           0  0  0   0  0   1  4  2  1  1  0/0    24:05   4:43   4:58 
Magnus Nygren            0  0  0   0  0   1  2  0  0  1  0/0    14:54   0:00   0:45 
Marc Hagel               0  0  0   0  0   0  0  0  0  0  0/0     0:00   0:00   0:00 
Patrick Bordeleau        1  0  1   0  0   2  2  0  4  0  1/1    19:04   3:39   1:51 
Patrick Cehlin           0  0  0   0  0   3  2  0  3  0  0/2    18:20   0:00   3:01 
Raman Hrabarenka         0  0  0   0  0   0  0  0  0  1  0/0    22:01   2:56   2:58 
Scott Timmins            0  0  0   0  0   5  2  0  1  1  3/7    14:56   0:05   0:00 
Simon Moser              0  0  0   0  0   0  1  0  1  0  0/0    18:06   3:39   1:29 
Tim Sestito              0  0  0   0  0   1  0  0  1  1  3/5    15:55   0:00   1:45 

3 Stars

1 - Andrey Makarov (Pro)
2 - Petr Mrazek (RCH)
3 - Patrick Bordeleau (Pro)

Power Play

Americans - 0 on 4 Attempt(s) - 0.00%
Bruins - 1 on 4 Attempt(s) - 25.00%

Penalty Kill

Americans - 3 on 4 Attempt(s) - 75.00% - Score 0 goal in Penalty Kill
Bruins - 4 on 4 Attempt(s) - 100.00% - Score 0 goal in Penalty Kill

Official

Referees : Unknown
Linesman : Unknown

Game Notes

Derek Dorsett and Christopher Breen fight to a draw at 6:23 of 2nd period

Finance

Level 1 -- Attendance: 1584 (79.20%) -- Ticket Income $55,440
Level 2 -- Attendance: 812 (81.20%) -- Ticket Income $12,180
Total Attendance: 2396 (79.87%)
Total Ticket Income: $67,620
Other Income: $33,134
Total Income: $100,754

Americans

5 vs 5 Forward 
   Center                   Left Wing                Right Wing               Time % Phy DF OF 
 1 Max Reinhart             Jack Skille              Jerome Samson            35     1   2  2  
 2 Nick Drazenovic          Maxime Sauve             Spencer Abbott           30     1   2  2  
 3 Kevin Sundher            Jamie MacQueen           Kale Kessy               22     1   2  2  
 4 Nick Cousins             Max Reinhart             Jerome Samson            13     1   2  2  

5 vs 5 Defense 
   Defense                  Defense                                           Time % Phy DF OF 
 1 Rasmus Ristolainen       Nate Schmidt                                      35     1   2  2  
 2 Doug Janik               Dylan DeMelo                                      30     1   2  2  
 3 Davis Drewiske           Christopher Breen                                 22     1   2  2  
 4 Rasmus Ristolainen       Nate Schmidt                                      13     1   2  2  

PowerPlay Forward 
   Center                   Left Wing                Right Wing               Time % Phy DF OF 
 1 Max Reinhart             Jack Skille              Jerome Samson            60     1   2  2  
 2 Nick Drazenovic          Maxime Sauve             Spencer Abbott           40     1   2  2  

PowerPlay Defense
   Defense                  Defense                                           Time % Phy DF OF 
 1 Rasmus Ristolainen       Nate Schmidt                                      60     1   2  2  
 2 Doug Janik               Dylan DeMelo                                      40     1   2  2  

Penalty Kill 4 Players Forward 
   Center                   Wing                     Time % Phy DF OF 
 1 Max Reinhart             Jerome Samson            60     1   2  2  
 2 Jack Skille              Spencer Abbott           40     1   2  2  

Penalty Kill 4 Players Defense
   Defense                  Defense                  Time % Phy DF OF 
 1 Rasmus Ristolainen       Nate Schmidt             60     1   2  2  
 2 Doug Janik               Dylan DeMelo             40     1   2  2  

Penalty Kill - 3 Players Forward 
   Forward                                           Time % Phy DF OF 
 1 Max Reinhart                                      60     1   2  2  
 2 Jerome Samson                                     40     1   2  2  

Penalty Kill - 3 Players Defense
   Defense                  Defense                  Time % Phy DF OF 
 1 Rasmus Ristolainen       Nate Schmidt             60     1   2  2  
 2 Doug Janik               Dylan DeMelo             40     1   2  2  

4 vs 4 Forward 
   Center                   Wing                     Time % Phy DF OF 
 1 Max Reinhart             Jerome Samson            60     1   2  2  
 2 Jack Skille              Spencer Abbott           40     1   2  2  

4 vs 4 Defense
   Defense                  Defense                  Time % Phy DF OF 
 1 Rasmus Ristolainen       Nate Schmidt             60     1   2  2  
 2 Doug Janik               Dylan DeMelo             40     1   2  2  

Last Minutes Offensive
   Center                   Left Wing                Right Wing               Defense                  Defense                  
   Max Reinhart             Jack Skille              Jerome Samson            Rasmus Ristolainen       Nate Schmidt             

Last Minutes Defensive
   Center                   Left Wing                Right Wing               Defense                  Defense                  
   Max Reinhart             Jack Skille              Jerome Samson            Rasmus Ristolainen       Nate Schmidt             

Goaltenders
Starting : Petr Mrazek              
Backup : Farm Player82            

Extra Forwards
Normal : Kevin Sundher, Nick Cousins, Jamie MacQueen - PP : Kevin Sundher, Nick Cousins - PK : Jamie MacQueen
Extra Defensemen
Normal : Davis Drewiske, Christopher Breen, Farm Player8 - PP : Davis Drewiske - PK : Christopher Breen, Farm Player8
Penalty Shots
Max Reinhart, Jerome Samson, Jack Skille, Spencer Abbott, Nick Drazenovic

Bruins

5 vs 5 Forward 
   Center                   Left Wing                Right Wing               Time % Phy DF OF 
 1 Tim Sestito              Anton Lander             Derek Dorsett            35     1   2  2  
 2 Kael Mouillierat         Patrick Bordeleau        Simon Moser              30     1   2  2  
 3 Scott Timmins            Patrick Cehlin           Buddy Robinson           22     1   2  2  
 4 Derek Dorsett            Patrick Bordeleau        Anton Lander             13     1   2  2  

5 vs 5 Defense 
   Defense                  Defense                                           Time % Phy DF OF 
 1 Kevin Czuczman           Dmitry Korobov                                    35     1   2  2  
 2 Conor Allen              Raman Hrabarenka                                  30     1   2  2  
 3 Brandon Manning          Magnus Nygren                                     22     1   2  2  
 4 Kevin Czuczman           Dmitry Korobov                                    13     1   2  2  

PowerPlay Forward 
   Center                   Left Wing                Right Wing               Time % Phy DF OF 
 1 Buddy Robinson           Anton Lander             Derek Dorsett            60     1   2  2  
 2 Kael Mouillierat         Patrick Bordeleau        Simon Moser              40     1   2  2  

PowerPlay Defense
   Defense                  Defense                                           Time % Phy DF OF 
 1 Kevin Czuczman           Dmitry Korobov                                    60     1   2  2  
 2 Conor Allen              Raman Hrabarenka                                  40     1   2  2  

Penalty Kill 4 Players Forward 
   Center                   Wing                     Time % Phy DF OF 
 1 Kael Mouillierat         Anton Lander             60     1   2  2  
 2 Derek Dorsett            Patrick Bordeleau        40     1   2  2  

Penalty Kill 4 Players Defense
   Defense                  Defense                  Time % Phy DF OF 
 1 Kevin Czuczman           Dmitry Korobov           60     1   2  2  
 2 Conor Allen              Raman Hrabarenka         40     1   2  2  

Penalty Kill - 3 Players Forward 
   Forward                                           Time % Phy DF OF 
 1 Patrick Bordeleau                                 60     1   2  2  
 2 Anton Lander                                      40     1   2  2  

Penalty Kill - 3 Players Defense
   Defense                  Defense                  Time % Phy DF OF 
 1 Kevin Czuczman           Dmitry Korobov           60     1   2  2  
 2 Conor Allen              Raman Hrabarenka         40     1   2  2  

4 vs 4 Forward 
   Center                   Wing                     Time % Phy DF OF 
 1 Scott Timmins            Anton Lander             60     1   2  2  
 2 Derek Dorsett            Patrick Bordeleau        40     1   2  2  

4 vs 4 Defense
   Defense                  Defense                  Time % Phy DF OF 
 1 Kevin Czuczman           Dmitry Korobov           60     1   2  2  
 2 Conor Allen              Raman Hrabarenka         40     1   2  2  

Last Minutes Offensive
   Center                   Left Wing                Right Wing               Defense                  Defense                  
   Patrick Bordeleau        Anton Lander             Derek Dorsett            Kevin Czuczman           Dmitry Korobov           

Last Minutes Defensive
   Center                   Left Wing                Right Wing               Defense                  Defense                  
   Patrick Bordeleau        Anton Lander             Derek Dorsett            Kevin Czuczman           Dmitry Korobov           

Goaltenders
Starting : Andrey Makarov           
Backup : Philipp Grubauer         

Extra Forwards
Normal : Buddy Robinson, Scott Timmins, Patrick Cehlin - PP : Buddy Robinson, Scott Timmins - PK : Patrick Cehlin
Extra Defensemen
Normal : Brandon Manning, Magnus Nygren, Conor Allen - PP : Brandon Manning - PK : Magnus Nygren, Conor Allen
Penalty Shots
Patrick Cehlin, Anton Lander, Derek Dorsett, Patrick Bordeleau, Kael Mouillierat

% Time on Ice - Americans

Lines # - Real PCT - Wanted PCT - Time Play
Normal Forward
1 - 24% - 35% - 10:32
2 - 31% - 30% - 13:38
3 - 33% - 22% - 14:28
4 - 11% - 13% - 4:54
Normal Defense
1 - 34% - 35% - 14:46
2 - 31% - 30% - 13:42
3 - 32% - 22% - 13:47
4 - 3% - 13% - 1:17
PP Forward
1 - 50% - 60% - 3:57
2 - 50% - 40% - 3:59
PP Defense
1 - 53% - 60% - 4:14
2 - 47% - 40% - 3:42
PK Forward
1 - 78% - 60% - 5:57
2 - 22% - 40% - 1:42
PK Defense
1 - 43% - 60% - 3:19
2 - 57% - 40% - 4:20
PK3 Forward
1 - 0% - 60%
2 - 0% - 40%
PK3 Defense
1 - 0% - 60%
2 - 0% - 40%
44 Forward
1 - 0% - 60%
2 - 0% - 40%
44 Defense
1 - 0% - 60%
2 - 0% - 40%
Last Minute Offensive  - 0:53
Last Minute Defensive  - 0:00
Total
Forward - 60:00
Defense - 60:00

% Time on Ice - Bruins

Lines # - Real PCT - Wanted PCT - Time Play
Normal Forward
1 - 38% - 35% - 16:40
2 - 28% - 30% - 12:08
3 - 31% - 22% - 13:18
4 - 3% - 13% - 1:26
Normal Defense
1 - 29% - 35% - 12:48
2 - 35% - 30% - 15:24
3 - 32% - 22% - 13:54
4 - 3% - 13% - 1:26
PP Forward
1 - 52% - 60% - 4:00
2 - 48% - 40% - 3:39
PP Defense
1 - 62% - 60% - 4:43
2 - 38% - 40% - 2:56
PK Forward
1 - 77% - 60% - 6:05
2 - 23% - 40% - 1:51
PK Defense
1 - 63% - 60% - 4:58
2 - 37% - 40% - 2:58
PK3 Forward
1 - 0% - 60%
2 - 0% - 40%
PK3 Defense
1 - 0% - 60%
2 - 0% - 40%
44 Forward
1 - 0% - 60%
2 - 0% - 40%
44 Defense
1 - 0% - 60%
2 - 0% - 40%
Last Minute Offensive  - 0:00
Last Minute Defensive  - 0:53
Total
Forward - 60:00
Defense - 60:00

Play by Play

1st period


0:01 of 1st period - Tim Sestito wins face-off versus Max Reinhart in neutral zone.
0:20 of 1st period - Snap shot by Derek Dorsett.
0:20 of 1st period - Shot Misses the Net.
0:52 of 1st period - Nate Schmidt is hit by Patrick Bordeleau and loses puck.
1:44 of 1st period - Wrist shot by Scott Timmins.
1:44 of 1st period - Stopped by Petr Mrazek with a rebound.
1:58 of 1st period - Doug Janik is hit by Patrick Cehlin and loses puck.
3:03 of 1st period - Snap shot by Patrick Bordeleau.
3:03 of 1st period - Deflect By Simon Moser.
3:03 of 1st period - Shot Blocked by Davis Drewiske.
3:03 of 1st period - Puck is out of play.
3:04 of 1st period - Nick Drazenovic wins face-off versus Kael Mouillierat in Americans zone.
3:45 of 1st period - Slapshot by Rasmus Ristolainen.
3:45 of 1st period - Stopped by Andrey Makarov with a rebound.
3:49 of 1st period - Snap shot by Kale Kessy.
3:49 of 1st period - Shot Misses the Net.
4:37 of 1st period - Snap shot by Jack Skille.
4:37 of 1st period - Deflect By Jerome Samson.
4:37 of 1st period - Deflect By Conor Allen.
4:37 of 1st period - Stopped by Andrey Makarov without a rebound.
4:38 of 1st period - Tim Sestito wins face-off versus Max Reinhart in Bruins zone.
5:21 of 1st period - Snap shot by Buddy Robinson.
5:21 of 1st period - Deflect By Scott Timmins.
5:21 of 1st period - Stopped by Petr Mrazek with a rebound.
5:23 of 1st period - Snap shot by Scott Timmins.
5:23 of 1st period - Shot Blocked by Doug Janik.
5:40 of 1st period - Snap shot by Patrick Cehlin.
5:40 of 1st period - Shot Misses the Net.
6:29 of 1st period - Minor Penalty to Kale Kessy for Roughing.
6:30 of 1st period - Buddy Robinson wins face-off versus Jamie MacQueen in Americans zone.
7:36 of 1st period - Spencer Abbott is hit by Kevin Czuczman and loses puck.
8:19 of 1st period - Jerome Samson is hit by Patrick Bordeleau and loses puck.
8:29 of 1st period - Penalty to Kale Kessy is over, Kale Kessy is back on ice.
9:28 of 1st period - Nate Schmidt is hit by Scott Timmins and loses puck.
10:44 of 1st period - Slapshot by Kael Mouillierat.
10:44 of 1st period - Shot Misses the Net.
10:46 of 1st period - Slapshot by Kevin Czuczman.
10:46 of 1st period - Shot Misses the Net.
10:50 of 1st period - Snap shot by Simon Moser.
10:50 of 1st period - Deflect By Kael Mouillierat.
10:50 of 1st period - Stopped by Petr Mrazek with a rebound.
11:39 of 1st period - Slapshot by Doug Janik.
11:39 of 1st period - Stopped by Andrey Makarov with a rebound.
12:38 of 1st period - Off-side.
12:39 of 1st period - Scott Timmins wins face-off versus Jamie MacQueen in neutral zone.
12:55 of 1st period - Nick Cousins is hit by Kevin Czuczman and loses puck.
13:20 of 1st period - Minor Penalty to Conor Allen for Slashing.
13:21 of 1st period - Nick Drazenovic wins face-off versus Kael Mouillierat in Bruins zone.
13:22 of 1st period - Slapshot by Rasmus Ristolainen.
13:22 of 1st period - Shot Blocked by Kael Mouillierat.
13:24 of 1st period - Wrist shot by Spencer Abbott.
13:24 of 1st period - Stopped by Andrey Makarov without a rebound.
13:25 of 1st period - Nick Drazenovic wins face-off versus Kael Mouillierat in Bruins zone.
14:33 of 1st period - Spencer Abbott is hit by Kevin Czuczman and loses puck.
15:20 of 1st period - Penalty to Conor Allen is over, Conor Allen is back on ice.
15:23 of 1st period - Wrist shot by Jack Skille.
15:23 of 1st period - Stopped by Andrey Makarov with a rebound.
15:49 of 1st period - Icing by Magnus Nygren.
15:50 of 1st period - Kevin Sundher wins face-off versus Scott Timmins in Bruins zone.
16:07 of 1st period - Wrist shot by Kale Kessy.
16:07 of 1st period - Stopped by Andrey Makarov with a rebound.
16:21 of 1st period - Minor Penalty to Spencer Abbott for Goalie Interference.
16:22 of 1st period - Max Reinhart wins face-off versus Buddy Robinson in Americans zone.
17:34 of 1st period - Wrist shot by Jack Skille.
17:34 of 1st period - Stopped by Andrey Makarov with a rebound.
18:03 of 1st period - Wrist shot by Patrick Bordeleau.
18:03 of 1st period - Goal by Patrick Bordeleau - Americans : 0 - Bruins : 1.
18:04 of 1st period - Kael Mouillierat wins face-off versus Nick Drazenovic in neutral zone.
18:29 of 1st period - Slapshot by Nate Schmidt.
18:29 of 1st period - Shot Misses the Net.
18:53 of 1st period - Slapshot by Rasmus Ristolainen.
18:53 of 1st period - Shot Blocked by Buddy Robinson.
18:55 of 1st period - Wrist shot by Jamie MacQueen.
18:55 of 1st period - Stopped by Andrey Makarov with a rebound.
18:57 of 1st period - Slapshot by Jamie MacQueen.
18:57 of 1st period - Stopped by Andrey Makarov without a rebound.
18:58 of 1st period - Scott Timmins wins face-off versus Kevin Sundher in Bruins zone.
19:03 of 1st period - Jamie MacQueen is hit by Patrick Cehlin and loses puck.
19:18 of 1st period - Wrist shot by Jamie MacQueen.
19:18 of 1st period - Shot Misses the Net.
19:20 of 1st period - Slapshot by Jamie MacQueen.
19:20 of 1st period - Deflect By Patrick Cehlin.
19:20 of 1st period - Stopped by Andrey Makarov with a rebound.
19:22 of 1st period - Snap shot by Kale Kessy.
19:22 of 1st period - Stopped by Andrey Makarov without a rebound.
19:23 of 1st period - Kael Mouillierat wins face-off versus Max Reinhart in Bruins zone.
19:32 of 1st period - Slapshot by Kael Mouillierat.
19:32 of 1st period - Shot Blocked by Doug Janik.
Goals for this period are 0 for Americans vs 1 for Bruins.
Shots for this period are 11 for Americans vs 4 for Bruins.

2nd period


0:01 of 2nd period - Jerome Samson wins face-off versus Derek Dorsett in neutral zone.
0:14 of 2nd period - Snap shot by Jack Skille.
0:14 of 2nd period - Deflect By Jerome Samson.
0:14 of 2nd period - Shot Blocked by Dmitry Korobov.
0:14 of 2nd period - Puck is out of play.
0:15 of 2nd period - Derek Dorsett wins face-off versus Jack Skille in Bruins zone.
0:15 of 2nd period - Derek Dorsett is hit by Jerome Samson.
1:07 of 2nd period - Patrick Cehlin is hit by Spencer Abbott and loses puck.
1:26 of 2nd period - Wrist shot by Patrick Cehlin.
1:26 of 2nd period - Shot Blocked by Maxime Sauve.
2:18 of 2nd period - Tim Sestito is hit by Jamie MacQueen and loses puck.
2:23 of 2nd period - Slapshot by Kevin Sundher.
2:23 of 2nd period - Stopped by Andrey Makarov with a rebound.
2:25 of 2nd period - Slapshot by Dylan DeMelo.
2:25 of 2nd period - Deflect By Kevin Sundher.
2:25 of 2nd period - Stopped by Andrey Makarov with a rebound.
2:40 of 2nd period - Slapshot by Nick Cousins.
2:40 of 2nd period - Stopped by Andrey Makarov with a rebound.
3:27 of 2nd period - Minor Penalty to Kael Mouillierat for Slashing.
3:28 of 2nd period - Max Reinhart wins face-off versus Patrick Cehlin in Bruins zone.
4:00 of 2nd period - Nick Drazenovic is hit by Kevin Czuczman and loses puck.
4:25 of 2nd period - Slapshot by Rasmus Ristolainen.
4:25 of 2nd period - Deflect By Jack Skille.
4:25 of 2nd period - Shot Misses the Net.
4:25 of 2nd period - Puck is out of play.
4:26 of 2nd period - Tim Sestito wins face-off versus Max Reinhart in Bruins zone.
4:35 of 2nd period - Simon Moser is hit by Jerome Samson and loses puck.
4:58 of 2nd period - Tim Sestito is hit by Spencer Abbott and loses puck.
5:17 of 2nd period - Patrick Bordeleau is hit by Jack Skille and loses puck.
5:27 of 2nd period - Penalty to Kael Mouillierat is over, Kael Mouillierat is back on ice.
5:28 of 2nd period - Kevin Czuczman is hit by Max Reinhart and loses puck.
6:23 of 2nd period - Derek Dorsett and Christopher Breen fight to a draw.
6:23 of 2nd period - Penalty to Derek Dorsett for Fighting.
6:23 of 2nd period - Penalty to Christopher Breen for Fighting.
6:24 of 2nd period - Kevin Sundher wins face-off versus Anton Lander in Americans zone.
6:43 of 2nd period - Wrist shot by Buddy Robinson.
6:43 of 2nd period - Shot Misses the Net.
7:17 of 2nd period - Snap shot by Nick Drazenovic.
7:17 of 2nd period - Shot Misses the Net.
7:57 of 2nd period - Max Reinhart is hit by Scott Timmins.
8:38 of 2nd period - Snap shot by Rasmus Ristolainen.
8:38 of 2nd period - Deflect By Spencer Abbott.
8:38 of 2nd period - Shot Misses the Net.
8:38 of 2nd period - Puck is out of play.
8:39 of 2nd period - Patrick Bordeleau wins face-off versus Nick Drazenovic in Bruins zone.
8:48 of 2nd period - Wrist shot by Kael Mouillierat.
8:48 of 2nd period - Stopped by Petr Mrazek with a rebound.
9:32 of 2nd period - Slapshot by Rasmus Ristolainen.
9:32 of 2nd period - Stopped by Andrey Makarov with a rebound.
9:34 of 2nd period - Wrist shot by Kevin Sundher.
9:34 of 2nd period - Shot Misses the Net.
9:50 of 2nd period - Slapshot by Rasmus Ristolainen.
9:50 of 2nd period - Deflect By Max Reinhart.
9:50 of 2nd period - Stopped by Andrey Makarov with a rebound.
10:10 of 2nd period - Buddy Robinson is hit by Maxime Sauve and loses puck.
10:22 of 2nd period - Minor Penalty to Buddy Robinson for Hooking.
10:23 of 2nd period - Jack Skille wins face-off versus Kael Mouillierat in Bruins zone.
10:33 of 2nd period - Snap shot by Max Reinhart.
10:33 of 2nd period - Stopped by Andrey Makarov with a rebound.
10:59 of 2nd period - Off-side.
11:00 of 2nd period - Nick Drazenovic wins face-off versus Anton Lander in neutral zone.
11:23 of 2nd period - Penalty to Derek Dorsett is over, Derek Dorsett is back on ice.
12:22 of 2nd period - Penalty to Buddy Robinson is over, Buddy Robinson is back on ice.
12:43 of 2nd period - Slapshot by Patrick Cehlin.
12:43 of 2nd period - Stopped by Petr Mrazek with a rebound.
12:51 of 2nd period - Wrist shot by Patrick Cehlin.
12:51 of 2nd period - Deflect By Scott Timmins.
12:51 of 2nd period - Stopped by Petr Mrazek with a rebound.
12:53 of 2nd period - Slapshot by Scott Timmins.
12:53 of 2nd period - Stopped by Petr Mrazek without a rebound.
12:54 of 2nd period - Kevin Sundher wins face-off versus Scott Timmins in Americans zone.
13:48 of 2nd period - Dmitry Korobov is hit by Nick Drazenovic and loses puck.
13:57 of 2nd period - Snap shot by Derek Dorsett.
13:57 of 2nd period - Stopped by Petr Mrazek with a rebound.
15:25 of 2nd period - Wrist shot by Jerome Samson.
15:25 of 2nd period - Stopped by Andrey Makarov without a rebound.
15:26 of 2nd period - Nick Cousins wins face-off versus Tim Sestito in Bruins zone.
15:27 of 2nd period - Slapshot by Max Reinhart.
15:27 of 2nd period - Stopped by Andrey Makarov with a rebound.
15:54 of 2nd period - Minor Penalty to Derek Dorsett for Elbowing.
15:55 of 2nd period - Nick Drazenovic wins face-off versus Kael Mouillierat in Bruins zone.
16:15 of 2nd period - Slapshot by Kevin Czuczman.
16:15 of 2nd period - Deflect By Kael Mouillierat.
16:15 of 2nd period - Stopped by Petr Mrazek without a rebound.
16:16 of 2nd period - Kael Mouillierat wins face-off versus Max Reinhart in Americans zone.
17:29 of 2nd period - Slapshot by Patrick Cehlin.
17:29 of 2nd period - Stopped by Petr Mrazek without a rebound.
17:30 of 2nd period - Nick Drazenovic wins face-off versus Patrick Cehlin in Americans zone.
17:50 of 2nd period - Anton Lander is hit by Rasmus Ristolainen and loses puck.
17:54 of 2nd period - Penalty to Derek Dorsett is over, Derek Dorsett is back on ice.
18:09 of 2nd period - Slapshot by Rasmus Ristolainen.
18:09 of 2nd period - Shot Misses the Net.
18:11 of 2nd period - Slapshot by Rasmus Ristolainen.
18:11 of 2nd period - Stopped by Andrey Makarov without a rebound.
18:12 of 2nd period - Kevin Sundher wins face-off versus Scott Timmins in Bruins zone.
Goals for this period are 0 for Americans vs 0 for Bruins.
Shots for this period are 9 for Americans vs 7 for Bruins.

3rd period


0:01 of 3rd period - Max Reinhart wins face-off versus Kael Mouillierat in neutral zone.
0:52 of 3rd period - Anton Lander is hit by Spencer Abbott and loses puck.
1:31 of 3rd period - Wrist shot by Scott Timmins.
1:31 of 3rd period - Shot Blocked by Rasmus Ristolainen.
1:33 of 3rd period - Slapshot by Conor Allen.
1:33 of 3rd period - Deflect By Scott Timmins.
1:33 of 3rd period - Stopped by Petr Mrazek with a rebound.
1:35 of 3rd period - Snap shot by Patrick Cehlin.
1:35 of 3rd period - Stopped by Petr Mrazek with a rebound.
3:22 of 3rd period - Nick Drazenovic is hit by Magnus Nygren and loses puck.
4:23 of 3rd period - Scott Timmins is hit by Jerome Samson and loses puck.
4:50 of 3rd period - Snap shot by Patrick Bordeleau.
4:50 of 3rd period - Stopped by Petr Mrazek without a rebound.
4:51 of 3rd period - Kevin Sundher wins face-off versus Kael Mouillierat in Americans zone.
5:15 of 3rd period - Wrist shot by Tim Sestito.
5:15 of 3rd period - Stopped by Petr Mrazek without a rebound.
5:16 of 3rd period - Max Reinhart wins face-off versus Tim Sestito in Americans zone.
5:39 of 3rd period - Minor Penalty to Rasmus Ristolainen for High sticking.
5:40 of 3rd period - Max Reinhart wins face-off versus Kael Mouillierat in Americans zone.
6:21 of 3rd period - Snap shot by Buddy Robinson.
6:21 of 3rd period - Deflect By Derek Dorsett.
6:21 of 3rd period - Stopped by Petr Mrazek with a rebound.
6:37 of 3rd period - Icing by Simon Moser.
6:38 of 3rd period - Jamie MacQueen wins face-off versus Kael Mouillierat in Bruins zone.
7:03 of 3rd period - Wrist shot by Buddy Robinson.
7:03 of 3rd period - Stopped by Petr Mrazek with a rebound.
7:05 of 3rd period - Slapshot by Derek Dorsett.
7:05 of 3rd period - Stopped by Petr Mrazek with a rebound.
7:39 of 3rd period - Penalty to Rasmus Ristolainen is over, Rasmus Ristolainen is back on ice.
9:08 of 3rd period - Snap shot by Scott Timmins.
9:08 of 3rd period - Shot Misses the Net.
9:10 of 3rd period - Slapshot by Kevin Czuczman.
9:10 of 3rd period - Stopped by Petr Mrazek with a rebound.
9:27 of 3rd period - Minor Penalty to Nick Drazenovic for Hooking.
9:28 of 3rd period - Kael Mouillierat wins face-off versus Max Reinhart in Americans zone.
10:04 of 3rd period - Snap shot by Derek Dorsett.
10:04 of 3rd period - Stopped by Petr Mrazek with a rebound.
10:06 of 3rd period - Slapshot by Kevin Czuczman.
10:06 of 3rd period - Deflect By Derek Dorsett.
10:06 of 3rd period - Shot Misses the Net.
10:06 of 3rd period - Puck is out of play.
10:07 of 3rd period - Farm Player8 wins face-off versus Buddy Robinson in Americans zone.
10:42 of 3rd period - Snap shot by Spencer Abbott.
10:42 of 3rd period - Shot Blocked by Conor Allen.
10:44 of 3rd period - Slapshot by Dylan DeMelo.
10:44 of 3rd period - Stopped by Andrey Makarov with a rebound.
10:46 of 3rd period - Slapshot by Doug Janik.
10:46 of 3rd period - Shot Misses the Net.
11:06 of 3rd period - Wrist shot by Derek Dorsett.
11:06 of 3rd period - Stopped by Petr Mrazek with a rebound.
11:08 of 3rd period - Slapshot by Derek Dorsett.
11:08 of 3rd period - Stopped by Petr Mrazek with a rebound.
11:27 of 3rd period - Penalty to Nick Drazenovic is over, Nick Drazenovic is back on ice.
11:40 of 3rd period - Buddy Robinson is hit by Nick Drazenovic and loses puck.
11:47 of 3rd period - Spencer Abbott is hit by Magnus Nygren and loses puck.
11:58 of 3rd period - Brandon Alderson is hit by Spencer Abbott and loses puck.
13:09 of 3rd period - Patrick Cehlin is hit by Rasmus Ristolainen.
13:44 of 3rd period - Spencer Abbott is hit by Anton Lander and loses puck.
14:04 of 3rd period - Icing by Davis Drewiske.
14:05 of 3rd period - Scott Timmins wins face-off versus Nick Drazenovic in Americans zone.
14:17 of 3rd period - Snap shot by Magnus Nygren.
14:17 of 3rd period - Deflect By Nick Drazenovic.
14:17 of 3rd period - Stopped by Petr Mrazek with a rebound.
14:41 of 3rd period - Kale Kessy is hit by Brandon Manning and loses puck.
15:00 of 3rd period - Magnus Nygren is hit by Nick Cousins and loses puck.
15:29 of 3rd period - Slapshot by Nate Schmidt.
15:29 of 3rd period - Shot Blocked by Kevin Czuczman.
16:41 of 3rd period - Maxime Sauve is hit by Simon Moser and loses puck.
17:06 of 3rd period - Jack Skille is hit by Derek Dorsett and loses puck.
17:15 of 3rd period - Slapshot by Jack Skille.
17:15 of 3rd period - Stopped by Andrey Makarov with a rebound.
17:17 of 3rd period - Snap shot by Jerome Samson.
17:17 of 3rd period - Shot Blocked by Kevin Czuczman.
18:03 of 3rd period - Kael Mouillierat is hit by Nick Drazenovic and loses puck.
18:16 of 3rd period - Slapshot by Jerome Samson.
18:16 of 3rd period - Stopped by Andrey Makarov without a rebound.
18:17 of 3rd period - Max Reinhart wins face-off versus Scott Timmins in Bruins zone.
19:00 of 3rd period - Nate Schmidt is hit by Kael Mouillierat and loses puck.
19:25 of 3rd period - Americans, Petr Mrazek is pulled from the net.
19:27 of 3rd period - Wrist shot by Jack Skille.
19:27 of 3rd period - Shot Misses the Net.
19:29 of 3rd period - Wrist shot by Rasmus Ristolainen.
19:29 of 3rd period - Stopped by Andrey Makarov with a rebound.
19:31 of 3rd period - Snap shot by Rasmus Ristolainen.
19:31 of 3rd period - Shot Misses the Net.
19:33 of 3rd period - Wrist shot by Nate Schmidt.
19:33 of 3rd period - Shot Hit the Post.
19:39 of 3rd period - Wrist shot by Jack Skille.
19:39 of 3rd period - Shot Blocked by Conor Allen.
19:41 of 3rd period - Snap shot by Nate Schmidt.
19:41 of 3rd period - Shot Blocked by Conor Allen.
19:43 of 3rd period - Snap shot by Nick Cousins.
19:43 of 3rd period - Stopped by Andrey Makarov with a rebound.
19:45 of 3rd period - Wrist shot by Rasmus Ristolainen.
19:45 of 3rd period - Shot Blocked by Conor Allen.
19:47 of 3rd period - Wrist shot by Nate Schmidt.
19:47 of 3rd period - Shot Blocked by Anton Lander.
19:49 of 3rd period - Slapshot by Rasmus Ristolainen.
19:49 of 3rd period - Deflect By Jack Skille.
19:49 of 3rd period - Shot Misses the Net.
19:49 of 3rd period - Puck is out of play.
19:50 of 3rd period - Willie Desjardins call a timeout for Americans.
19:50 of 3rd period - Kael Mouillierat wins face-off versus Nick Cousins in Bruins zone.
Goals for this period are 0 for Americans vs 0 for Bruins.
Shots for this period are 5 for Americans vs 12 for Bruins.


Output by the SimonT Hockey Simulator (STHS) for Eric Dolegowski -- Original Page W3C XHTML 1.0 Valid
Hockey Simulator - Hockey Simulation - Hockey Manager